 Dungeon Crawl Stone Soup version 0.19.0-9-gfd783f2 (webtiles) character file.

770 GameOver the Changer (level 7, 0/43 HPs)
             Began as an Octopode Transmuter on Nov 7, 2016.
             Was an Initiate of Kikubaaqudgha.
             Slain by a slave (9 damage)
             ... led by Pikel
             ... while paralysed by Pikel
             ... on level 5 of the Dungeon.
             The game lasted 00:22:11 (4423 turns).

GameOver the Changer (Octopode Transmuter)          Turns: 4423, Time: 00:22:41

Health: 0/43       AC:  1    Str:  8 (10) XL:     7   Next: 83%
Magic:  10/10      EV:  2    Int: 14 (17) God:    Kikubaaqudgha [......]
Gold:   171        SH:  0    Dex: 10 (12) Spells: 2 memorised, 6 levels left

rFire  . . .     SeeInvis .     w - +4 quarterstaff (chaos)
rCold  . . .     Gourm    .     (shield currently unavailable)
rNeg   . . .     Faith    .     (helmet restricted)
rPois  .         Spirit   .     (no amulet)
rElec  .         Reflect  .     (no ring)
rCorr  .         Harm     .     (no ring)
MR     .....                    (no ring)
Stlth  +++.......               (no ring)
                                (no ring)
                                (no ring)
                                (no ring)
                                (no ring)

@: paralysed, appendage
A: almost no armour, stealthy swim, amphibious, 8 rings, constrict 8, tentacle
spike 3, camouflage 1, gelatinous body 1
a: End Transformation, Renounce Religion


You were on level 5 of the Dungeon.
You worshipped Kikubaaqudgha.
Kikubaaqudgha was noncommittal.
You were hungry.
One of your tentacles had a temporary spike.
You visited 1 branch of the dungeon, and saw 5 of its levels.

You collected 171 gold pieces.

Inventory:

Hand Weapons
 r - a +0 dagger of draining
 w - a +4 quarterstaff of chaos (weapon)
Missiles
 a - 12 arrows
Jewellery
 g - an uncursed amulet of harm
Wands
 d - a wand of random effects (11/48)
 x - a wand of flame (29/48)
Scrolls
 e - a scroll of blinking
 f - a scroll of remove curse
 h - a scroll of noise {unknown}
 i - a scroll of magic mapping {unknown}
 k - 3 scrolls of amnesia {unknown}
 n - a scroll of immolation
 o - 2 scrolls of teleportation
 p - 2 scrolls of enchant weapon
Potions
 j - a potion of flight
 l - a potion of resistance
 q - 2 potions of haste
 s - a potion of brilliance
Books
 b - a book of Changes

   Spells                             Type                      Level
   a - Beastly Appendage              Transmutation                1
   b - Sticks to Snakes               Transmutation                2
   c - Spider Form                    Transmutation/Poison         3
   d - Ice Form                       Ice/Transmutation            4
   e - Blade Hands                    Transmutation                5
 v - Sif Muna's Reference Book on Conjuration
   (You found it on level 3 of the Dungeon)

   Spells                             Type                      Level
   a - Shock                          Conjuration/Air              1
Comestibles
 c - 2 bread rations
 m - 3 fruits


   Skills:
 - Level 1.0 Fighting
 + Level 4.4 Dodging
 + Level 4.6 Stealth
 - Level 3.0 Unarmed Combat
 - Level 2.0 Spellcasting
 * Level 5.1 Transmutations
 - Level 5.0 Poison Magic


You had 6 spell levels left.
You knew the following spells:

 Your Spells              Type           Power        Failure   Level  Hunger
a - Beastly Appendage     Tmut           ###...       2%          1    ##.....
b - Spider Form           Tmut/Pois      ###.......   10%         3    ####...


Dungeon Overview and Level Annotations

Branches:
Dungeon (5/15)
 Temple: D:4-7

Altars:
Fedhas
Kikubaaqudgha
Nemelex Xobeh
Okawaru
Qazlal
Sif Muna

Shops:
D:5 =

Annotations:
D:3 earlnuclear's ghost, weakling HOAK
D:5 Pikel


Innate Abilities, Weirdness & Mutations

You cannot wear most types of armour.
You are very stealthy in the water. (Stealth+)
You are amphibious.
You can wear up to eight rings at the same time.
You can use your tentacles to constrict eight enemies at once.
Your skin changes colour to match your surroundings (Stealth+).
Your rubbery body absorbs attacks. (AC +1, EV +1)
One of your tentacles bears a large vicious spike.


Message History

Pikel is heavily wounded.
You constrict Pikel, but do no damage. The slave misses you.
Pikel closely misses you. The slave hits you!
It was a potion of degeneration.
There was something very wrong with that liquid.
You feel weakened.
You feel dopey.
You feel clumsy.
You constrict Pikel. Pikel hits you with a whip of freezing. Pikel freezes you.
The slave hits you.
* * * LOW HITPOINT WARNING * * *
You feel better.
You constrict Pikel. The slave hits you.
Pikel zaps a wand.
You suddenly lose the ability to move!
You lose your grip on Pikel.
The slave hits you.
* * * LOW HITPOINT WARNING * * *
Pikel hits you with a whip of freezing.
* * * LOW HITPOINT WARNING * * *
Pikel freezes you.
* * * LOW HITPOINT WARNING * * *
The slave hits you!
You die...
Kikubaaqudgha rasps: "You have failed me!
Welcome... death!"

###. ... ..# #
#######.#.#
....#...#.#
....%.....+
##+#.#<#
####......#
.......p@.#
....)..K#.#
.......)#+#
####....[...o.(
#...8.......
#.).........
..(8.∩.8.....
.........p....
.......8.......


You could see Pikel and a slave.

Vanquished Creatures
  Grinder (D:3)
  Sigmund (D:4)
  A bullfrog (D:3)
  A jelly (D:3)
  4 orc wizards (D:3)
  Crazy Yiuf (D:2)
  An iguana (D:4)
  A worker ant (D:4)
  5 adders
  An ooze (D:3)
  2 worms (D:2)
  A dart slug (D:3)
  A leopard gecko (D:1)
  11 orcs
  2 ball pythons (D:2)
  A giant cockroach (D:2)
  8 hobgoblins
  11 jackals
  4 kobolds
  2 quokkas
  6 bats
  6 frilled lizards
  7 goblins
  8 rats
87 creatures vanquished.

Notes
Turn   | Place    | Note
-------+----------+-------------------------------------------
     0 | D:1      | GameOver the Octopode Transmuter began the quest for the Orb.
     0 | D:1      | Reached XP level 1. HP: 13/13 MP: 3/3
   141 | D:1      | Found a sparkling altar of Nemelex Xobeh.
   264 | D:1      | Reached skill level 1 in Stealth
   264 | D:1      | Reached XP level 2. HP: 18/18 MP: 3/5
  1103 | D:2      | Reached XP level 3. HP: 21/23 MP: 4/6
  1108 | D:2      | Learned a level 3 spell: Spider Form
  1257 | D:2      | Reached skill level 1 in Poison Magic
  1446 | D:2      | Reached XP level 4. HP: 18/28 MP: 5/7
  1653 | D:2      | Found a runed door.
  1692 | D:3      | Noticed earlnuclear's ghost (weakling HOAK)
  1799 | D:3      | Found a deep blue altar of Sif Muna.
  1989 | D:3      | Reached XP level 5. HP: 18/33 MP: 4/8
  2310 | D:3      | Reached XP level 6. HP: 18/38 MP: 7/9
  2486 | D:3      | Noticed Grinder
  2978 | D:4      | Found an ancient bone altar of Kikubaaqudgha.
  2981 | D:4      | Found a blossoming altar of Fedhas.
  2984 | D:4      | Found a stormy altar of Qazlal.
  2987 | D:4      | Found an iron altar of Okawaru.
  2993 | D:4      | Became a worshipper of Kikubaaqudgha
  3445 | D:4      | Noticed Sigmund
  3463 | D:4      | Killed Sigmund
  3463 | D:4      | Reached XP level 7. HP: 35/43 MP: 4/10
  3706 | D:3      | Killed Grinder
  3706 | D:3      | Reached skill level 5 in Poison Magic
  3864 | D:3      | Reached skill level 5 in Transmutations
  3865 | D:3      | Identified Sif Muna's Reference Book on Conjuration
  4142 | D:2      | Noticed Crazy Yiuf
  4151 | D:2      | Killed Crazy Yiuf
  4374 | D:5      | Entered Level 5 of the Dungeon
  4377 | D:5      | Found Vulutzos's Jewellery Emporium.
  4394 | D:5      | Noticed Pikel
  4421 | D:5      | Paralysed by Pikel for 7 turns
  4423 | D:5      | Slain by a slave

Skill      XL: |  1  2  3  4  5  6  7 |
---------------+----------------------+-----
Stealth        | 1 2 3 4 |  4.6
Transmutations | 3 4 5 |  5.1
Poison Magic   | 1 2 3 4 5 |  5.0
Dodging        | 3 4 |  4.4
Fighting       | |  1.0
Unarmed Combat | |  3.0
Spellcasting   | |  2.0

Action                   |  1- 3 |  4- 6 |  7- 9 || total
-------------------------+-------+-------+-------++-------
Melee: Unarmed           |    78 |   116 |    32 ||   226
       Constrict         |    22 |    22 |    10 ||    54
       Tentacles         |    15 |    18 |     6 ||    39
       Kick              |    14 |    19 |     9 ||    42
       Punch             |     1 |     1 |       ||     2
       Quarterstaff      |       |       |    12 ||    12
 Cast: Beastly Appendage |    27 |    28 |     8 ||    63
       Spider Form       |       |     4 |     1 ||     5
  Use: Potion            |     1 |     5 |     2 ||     8
       Scroll            |       |     6 |       ||     6
 Stab: Sleeping          |     8 |     4 |       ||    12
  Eat: Chunk             |     2 |     8 |     1 ||    11
       Fruit             |       |       |     1 ||     1
       Pizza             |       |       |     1 ||     1
Armor: Skin              |     3 |     5 |       ||     8
Dodge: Dodged            |    29 |    66 |    28 ||   123
